cohdb
Replays
Latest Replays
All Replays
Popular Replays
Top Player Replays
Match Explorer
How It Works
Community
CoH3 Stats
Reddit
Sign in to upload your games and track your stats! →
Sign in with Steam
Match 28710302
Unlisted
Match 28710302
Overview
Messages
Build Orders
End
Construct Infanterie Kompanie
Kettenkrad Recon Vehicle
MG 42 Machine Gun Team
Grenadier Squad
Grenadier Squad
Construct Panzergrenadier Kompanie
Panzergrenadier Squad
Medical Station
Panzergrenadier Squad
Medical Bunker
Construct Panzer Kompanie
gyrosRgood
Phan
Baloney
WANKER gaming
Turtleboy
Tango
GoonLord
Dahlian
0
0
Comments
sign in to comment!
No comments posted yet!